 Dungeon Crawl Stone Soup version 0.23.2-1-ga50397a (webtiles) character file.

Game seed: 11167315569718225755

125 MalarOregon the Skirmisher (level 5, -7/48 HPs)
             Began as a Ghoul Earth Elementalist on May 26, 2019.
             Mangled by an iguana (12 damage)
             ... on level 3 of the Dungeon.
             The game lasted 00:04:08 (2482 turns).

MalarOregon the Skirmisher (GhEE)                   Turns: 2482, Time: 00:04:09

Health: -7/48      AC: 11    Str: 12    XL:     5   Next: 9%
Magic:  0/6        EV: 12    Int: 11    God:
Gold:   84         SH:  0    Dex:  9    Spells: 6/7 levels left

rFire    . . .     SeeInvis .   q - +0 short sword (protect)
rCold    + . .     Gourm    .   (no shield)
rNeg     + + +     Faith    .   c - +0 robe
rPois    ∞         Spirit   +   d - +0 helmet
rElec    .         Reflect  .   (no cloak)
rCorr    .         Harm     .   r - +0 pair of gloves
MR       .....     Rnd*Tele +   (no boots)
Stlth    ++........             f - amulet of guardian spirit
HPRegen  0.00/turn              o - ring of teleportation (curse)
MPRegen  0.10/turn              (no ring)

@: protection aura, rotting
A: rotting body, claws 1, carnivore, cold resistance 1, negative energy
resistance 3, inhibited regeneration, torment resistance, unbreathing
a: no special abilities


You were on level 3 of the Dungeon.
You were not hungry.

You visited 1 branch of the dungeon, and saw 3 of its levels.

You collected 84 gold pieces.

Inventory:

Hand Weapons
 q - a +0 short sword of protection (weapon)
   (You took it off a kobold on level 2 of the Dungeon)
Missiles
 b - 79 stones (quivered)
Armour
 c - a +0 robe (worn)
 d - a +0 helmet (worn)
   (You found it on level 2 of the Dungeon)
 r - a +0 pair of gloves (worn)
   (You found it on level 2 of the Dungeon)
Jewellery
 f - an amulet of guardian spirit (around neck)
   (You found it on level 1 of the Dungeon)
 o - a cursed ring of teleportation (left hand)
   (You found it on level 2 of the Dungeon)
 s - an uncursed ring of poison resistance {unknown}
   (You found it on level 2 of the Dungeon)
Scrolls
 a - a scroll of blinking
 g - a scroll of fear {unknown}
 j - 3 scrolls of teleportation {unknown}
 l - a scroll of immolation {unknown}
Potions
 h - 4 potions of curing {unknown}
 i - a potion of flight {unknown}
 m - a potion of brilliance {unknown}
 n - a potion of heal wounds {unknown}
 p - 2 potions of lignification {unknown}
Comestibles
 e - 7 rations {!d}
 k - 3 chunks of flesh


   Skills:
 + Level 5.0 Fighting
 - Level 1.7 Dodging
 - Level 2.1 Stealth
 - Level 1.7 Spellcasting
   Level 0.8 Transmutations
 - Level 3.2 Earth Magic


You had 6 spell levels left.
You knew the following spells:

 Your Spells              Type           Power        Failure   Level  Hunger
a - Sandblast             Erth           #.....       8%          1    ##.....

Your spell library contained the following spells:

 Spells                   Type           Power        Failure   Level  Hunger
 Passwall                 Tmut/Erth      #.......     19%         2    ###....
 Stone Arrow              Conj/Erth      #.....       41%         3    ####...
 Petrify                  Tmut/Erth      #.......     77%         4    #####..
 Lee's Rapid Deconstruct  Erth           #.........   91%         5    ######.


Dungeon Overview and Level Annotations

Branches:
Dungeon (3/15)

Altars:

Annotations:
D:2 1 runed translucent door, Crazy Yiuf


Innate Abilities, Weirdness & Mutations

Your body is rotting away.
You thrive on raw meat.
You are immune to poison.
You have sharp fingernails.
You are carnivorous and can eat meat at any time.
Your flesh is cold resistant. (rC+)
You are immune to negative energy. (rN+++)
You do not regenerate when monsters are visible.
You are immune to unholy pain and torment.
You can survive without breathing.


Message History

a +0 leather armour; an orc skeleton
k - 3 chunks of flesh (gained 1)
Things that are here:
a +0 club; an orc skeleton You see here a +0 club.
There is a stone staircase leading up here.
You start resting.
You feel strangely unstable.
You are suddenly yanked towards some nearby monsters!
Your surroundings suddenly seem different.
An iguana comes into view.
A kobold comes into view. It is wielding a +1 dagger of flaming.
Aim: a kobold, wielding a +1 dagger of flaming (resting)
Okay, then.
The iguana hisses angrily.
The kobold hits you with a +1 dagger of flaming.
The kobold burns you.
* * * LOW HITPOINT WARNING * * *
Aim: a kobold, wielding a +1 dagger of flaming The blast of sand hits the kobold.
b - 82 stones The kobold barely misses you.
Aim: a kobold, wielding a +1 dagger of flaming (severely wounded)
The blast of sand misses the kobold.
b - 81 stones The iguana bites you!
* * * LOW HITPOINT WARNING * * *
The kobold hits you with a +1 dagger of flaming.
* * * LOW HITPOINT WARNING * * *
The kobold burns you.
* * * LOW HITPOINT WARNING * * *
Aim: a kobold, wielding a +1 dagger of flaming (severely wounded)
The blast of sand hits the kobold.
You kill the kobold!
b - 80 stones The iguana closely misses you.
Unknown command.
As you open the door, it creaks loudly! The iguana misses you.
There is an open door here.
You hit the iguana but do no damage.
Your weapon exudes an aura of protection.
The iguana closely misses you.
Aim: an iguana The blast of sand misses the iguana.
b - 79 stones The iguana bites you!
* * * LOW HITPOINT WARNING * * *
You hit the iguana. The iguana bites you!
You die...

##+## ##...##
##..)..## ##
##.......## #.##
#.........####...#.#
+.........'.l@.....#
#.........####......#
##.......## #.##.##
##.....## ## ##...##
##+##


You could see an iguana.

Vanquished Creatures
  An orc priest (D:3)
  3 adders (D:2)
  An ooze (D:2)
  A worm (D:2)
  A leopard gecko (D:2)
  4 orcs
  2 goblins
  8 hobgoblins
  7 jackals (D:2)
  9 kobolds
  A quokka (D:2)
  6 bats
  2 frilled lizards
  7 rats
53 creatures vanquished.

Notes
Turn   | Place    | Note
-------+----------+-------------------------------------------
     0 | D:1      | MalarOregon the Ghoul Earth Elementalist began the quest
                  | for the Orb.
     0 | D:1      | Reached XP level 1. HP: 14/14 MP: 2/2
   223 | D:1      | Reached skill level 1 in Fighting
   277 | D:1      | Reached XP level 2. HP: 13/24 MP: 1/3
   516 | D:1      | Reached skill level 2 in Fighting
   827 | D:2      | Reached XP level 3. HP: 16/30 MP: 0/4
   885 | D:2      | Reached skill level 3 in Fighting
  1081 | D:2      | Found a runed translucent door.
  1082 | D:2      | Noticed Crazy Yiuf
  1334 | D:2      | Reached XP level 4. HP: 18/40 MP: 0/5
  1350 | D:2      | Reached skill level 4 in Fighting
  2419 | D:3      | Reached skill level 5 in Fighting
  2419 | D:3      | Reached XP level 5. HP: 21/48 MP: 0/6
  2482 | D:3      | Mangled by an iguana

Skill      XL: |  1  2  3  4 |
---------------+-------------+-----
Fighting       | 1 2 3 5 |  5.0
Dodging        | |  1.7
Stealth        | |  2.1
Spellcasting   | |  1.7
Transmutations | |  0.8
Earth Magic    | |  3.2

Action                   |  1- 3 |  4- 6 || total
-------------------------+-------+-------++-------
Melee: Short sword       |    91 |   110 ||   201
       Unarmed           |     9 |       ||     9
 Cast: Sandblast         |    20 |    15 ||    35
  Use: Scroll            |     2 |       ||     2
 Stab: Sleeping          |     3 |     1 ||     4
  Eat: Chunk             |     2 |     4 ||     6
Armor: Robe              |    16 |    45 ||    61
Dodge: Dodged            |    62 |   106 ||   168
